 Dungeon Crawl Stone Soup version 0.31-a0-865-g3d5d91748a (webtiles) character file.

Game seed: 8568453974224780724

2125 lonewolfV2 the Cleaver (level 9, -3/69 HPs)
             Began as a Formicid Fighter on Oct 10, 2023.
             Was an Initiate of Gozag.
             Killed from afar by an electric eel (13 damage)
             ... with a bolt of electricity
             ... on level 7 of the Dungeon.
             The game lasted 00:09:39 (7024 turns).

lonewolfV2 the Cleaver (Formicid Fighter)           Turns: 7024, Time: 00:09:41

Health: -3/69      AC: 13    Str: 23    XL:     9   Next: 54%
Magic:  9/9        EV:  9    Int:  8    God:    Gozag
Gold:   374        SH:  5    Dex: 15    Spells: 8/8 levels left

rFire   . . .        a - +0 war axe (drain)
rCold   . . .        c - +0 buckler
rNeg    . . .        h - +3 chain mail
rPois   .            (helmet unavailable)
rElec   .            (no cloak)
rCorr   .            (no gloves)
SInv    +            (no boots)
Will    .....        g - amulet of magic regeneration Stlth
                     (no ring)
HPRegen 0.31/turn    (no ring)
MPRegen 0.51/turn

%: no passive effects
@: no status effects
A: permanent stasis, dig shafts and tunnels, antennae 3, four strong arms
a: Dig, Shaft Self, Renounce Religion, Potion Petition, Call Merchant, Bribe
Branch


You were on level 7 of the Dungeon.
You worshipped Gozag.
Gozag was aware of your devotion.
You visited 2 branches of the dungeon, and saw 8 of its levels.

You collected 430 gold pieces.
You paid 56 gold pieces to Gozag.

Inventory:

Hand Weapons
 a - a +0 war axe of draining (weapon)
Armour
 b - a +0 scale mail
 c - a +0 buckler (worn)
 h - a +3 chain mail (worn)
Jewellery
 f - a ring of poison resistance
 g - an amulet of magic regeneration (around neck)
Wands
 k - a wand of paralysis (17)
Scrolls
 e - 4 scrolls of immolation
 m - a scroll of torment {unknown}
 n - 2 scrolls of amnesia {unknown}
Potions
 d - a potion of might
 i - 2 potions of degeneration
 j - a potion of brilliance
 l - a potion of enlightenment


   Skills:
 + Level 6.0 Fighting
 + Level 9.1 Axes
 + Level 6.1 Armour
 + Level 2.3 Dodging
 + Level 1.1 Stealth
 + Level 5.8 Shields
 + Level 1.0 Unarmed Combat


You had 8 spell levels left.
You didn't know any spells.
Your spell library contained the following spells:

 Spells                   Type           Power      Damage    Failure   Level
 Wereblood                Tmut           0%         N/A       99%         2
 Dazzling Flash           Conj/Hex       0%         N/A       100%        3
 Volatile Blastmotes      Fire/Tloc      0%         2d10      100%        3
 Irradiate                Conj/Tmut      0%         3d11      100%        5
 Starburst                Conj/Fire      0%         6d3       100%        6
 Maxwell's Capacitive Co  Air            0%         ∞         100%        8


Dungeon Overview and Level Annotations

Branches:
Dungeon (7/15)             Temple (1/1) D:5

Altars:
Ashenzari
Cheibriados
Gozag
Hepliaklqana
Kikubaaqudgha
Makhleb
Nemelex Xobeh
Ru
Sif Muna
Trog
Uskayaw
Vehumet
Zin

Shops:
D:1 (

Annotations:
D:5 2 runed translucent doors, exclusion: statue, Fractals's ghost, novice GnWn


Innate Abilities, Weirdness & Mutations

You cannot be hasted, slowed, berserked, paralysed or teleported.
You can dig through walls and to a lower floor.
You have a pair of large antennae on your head. (SInv)
Your four strong arms can wield two-handed weapons with a shield.


Message History

The electric eel shoots out a bolt of lightning at you!
The bolt of electricity hits the plant.
The plant begins to die.
The bolt of electricity hits the plant!
The plant begins to die.
The bolt of electricity hits you!
An electric eel is nearby!
An electric eel is nearby!
An electric eel is nearby!
A nearby plant withers and dies.
The electric eel shoots out a bolt of lightning at you!
The bolt of electricity hits you!
A nearby plant withers and dies.
The electric eel shoots out a bolt of lightning at you!
The bolt of electricity hits you! x2
You slash the electric eel!
The electric eel is severely wounded.
The electric eel shoots out a bolt of lightning at you!
The bolt of electricity hits you! The bolt of electricity hits you.
The electric eel shoots out a bolt of lightning at you!
The bolt of electricity hits you.
* * * LOW HITPOINT WARNING * * *
The bolt of electricity hits you.
* * * LOW HITPOINT WARNING * * *
You barely miss the electric eel.
The electric eel is severely wounded.
You barely miss the electric eel.
The electric eel is severely wounded.
You completely miss the electric eel.
The electric eel is severely wounded.
You barely miss the electric eel.
The electric eel is severely wounded.
You completely miss the electric eel.
The electric eel is severely wounded.
You miss the electric eel.
The electric eel is severely wounded.
The electric eel shoots out a bolt of lightning at you!
The bolt of electricity hits you.
* * * LOW HITPOINT WARNING * * *
The bolt of electricity hits you!
You die...
Your body crumbles into a pile of gold.

#...... #..... ##....
#....####
........#####
..>..##.....######
.....######......#
.#..#### ####...♣♣#
.......# #..@S~#
#......# ♣P..~♣~#
#......# ##♣~~..~~♣♣
#......# ~~P~~...~~♣
.......# ~~~~~...~P~~♣
.......# PP~~~~...~~~♣
#......# ~~~~~~...~~~♣
#......#♣♣~~~~♣...~~~♣
#.......♣~P~≈~~..


You could see an electric eel.

Vanquished Creatures
  Eustachio (D:4)
  A steam dragon (D:3)
  A water moccasin (D:7)
  Duvessa (D:4)
  An orc warrior (D:7)
  2 sky beasts
  An ice beast (D:5)
  6 scorpions
  Dowan (D:4)
  An electric eel (D:7)
  4 hounds
  2 jellies
  2 gnoll boudas (D:6)
  An orc priest (D:7)
  A sleepcap (D:6)
  Natasha (twice) (D:4)
  2 orc wizards
  3 iguanas
  13 gnolls
  8 adders
  2 shadow imps (D:6)
  3 white imps
  An ufetubus (D:4)
  3 worms
  3 dart slugs
  14 orcs
  12 ball pythons
  6 bats
  8 endoplasms
  3 giant cockroaches
  6 hobgoblins
  4 jackals (D:2)
  7 kobolds
  4 quokkas
  A frilled lizard (D:3)
  7 goblins
  4 rats
142 creatures vanquished.

Vanquished Creatures (others)
  An orc wizard (D:7)
  3 orcs (D:7)
  A hobgoblin (D:3)
5 creatures vanquished.

Grand Total: 147 creatures vanquished

Notes
Turn   | Place    | Note
-------+----------+-------------------------------------------
     0 | D:1      | lonewolfV2 the Formicid Fighter began the quest for the
                  | Orb.
     0 | D:1      | Reached XP level 1. HP: 18/18 MP: 1/1
   106 | D:1      | Reached XP level 2. HP: 11/24 MP: 2/2
   441 | D:1      | Found Woruh's Weapon Shoppe.
   669 | D:1      | Reached XP level 3. HP: 28/29 MP: 3/3
  1219 | D:2      | Reached XP level 4. HP: 37/37 MP: 4/4
  1250 | D:2      | Reached skill level 3 in Axes
  2163 | D:3      | Reached XP level 5. HP: 42/42 MP: 5/5
  2189 | D:3      | Noticed a steam dragon
  2200 | D:3      | Killed a steam dragon
  2201 | D:3      | Reached skill level 4 in Axes
  2201 | D:3      | Reached XP level 6. HP: 28/48 MP: 6/6
  3025 | D:4      | Found a snail-covered altar of Cheibriados.
  3102 | D:4      | Reached skill level 5 in Axes
  3185 | D:4      | Noticed a sky beast
  3186 | D:4      | Noticed Duvessa
  3188 | D:4      | Noticed Dowan
  3194 | D:4      | Killed a sky beast
  3195 | D:4      | Reached skill level 5 in Shields
  3195 | D:4      | Reached XP level 7. HP: 48/55 MP: 7/7
  3205 | D:4      | Killed Duvessa
  3212 | D:4      | Killed Dowan
  3213 | D:4      | Reached skill level 6 in Axes
  3302 | D:4      | Found a burning altar of Makhleb.
  3320 | D:4      | Noticed Natasha
  3353 | D:4      | Killed Natasha
  3594 | D:4      | Noticed Eustachio
  3609 | D:4      | Killed Eustachio
  3610 | D:4      | Reached skill level 5 in Fighting
  3610 | D:4      | Reached skill level 1 in Dodging
  3610 | D:4      | Reached XP level 8. HP: 48/62 MP: 8/8
  3820 | D:4      | Found a hide-covered altar of Uskayaw.
  3888 | D:4      | Noticed Natasha
  3894 | D:4      | Killed Natasha
  3986 | D:4      | Reached skill level 5 in Armour
  4185 | D:5      | Entered Level 5 of the Dungeon
  4201 | D:5      | Reached skill level 7 in Axes
  4401 | D:5      | Reached skill level 1 in Unarmed Combat
  4572 | D:5      | Found a radiant altar of Vehumet.
  4694 | D:5      | Found a large runed translucent door.
  4694 | D:5      | Found a large runed translucent door.
  4695 | D:5      | Noticed Fractals's ghost (novice GnWn)
  4706 | D:5      | Found a staircase to the Ecumenical Temple.
  4725 | Temple   | Entered the Ecumenical Temple
  4747 | Temple   | Became a worshipper of Gozag Ym Sagoz the Greedy
  5178 | D:6      | Reached XP level 9. HP: 69/69 MP: 9/9
  5233 | D:6      | Reached skill level 8 in Axes
  5786 | D:6      | Reached skill level 1 in Stealth
  6630 | D:7      | Reached skill level 9 in Axes
  7024 | D:7      | Killed from afar by an electric eel

Illustrated notes

Levels and vault maps discovered:
D:1:      dpeg_arrival_castle, layout_loops_ring, serial_shops,
          nicolae_shop_pleasant_corner_grove
D:2:      layout_basic
D:3:      minmay_thinvault, layout_loops_ring
D:4:      layout_basic, nicolae_overflow_hidden_temple, cheibriados_altar_1,
          feat_on_display, uniq_natasha, uniq_eustachio, uniq_duvessa
D:5:      minmay_general_purpose_star, layout_loops_corners, vehumet_statue,
          minmay_temple_entry_offerings, ebering_ghost_disaster_area
D:6:      layout_gridville
D:7:      layout_rooms, mainiacjoe_overflow_tiny_flanked, serial_bayou_ford_a,
          minmay_manual_moon
Temple:   compressed_dpeg_triangle_lava_temple

Skill      XL: |  1  2  3  4  5  6  7  8  9 |
---------------+----------------------------+-----
Axes           | 3 4 5 6 7 9 |  9.1
Fighting       | 4 5 6 |  6.0
Armour         | 4 5 6 |  6.1
Shields        | 5 |  5.8
Dodging        | 1 2 |  2.3
Unarmed Combat | 1 |  1.0
Stealth        | 1 |  1.1

Action                     |  1- 3 |  4- 6 |  7- 9 || total
---------------------------+-------+-------+-------++-------
  Melee: War axe           |    60 |   116 |   228 ||   404
         Unarmed           |       |       |    20 ||    20
    Use: Scroll            |     5 |     2 |     3 ||    10
         Potion            |       |     2 |     1 ||     3
   Stab: Distracted        |       |       |     1 ||     1
 Armour: Scale mail        |    26 |       |       ||    26
         Chain mail        |    36 |   110 |   197 ||   343
         Skin              |       |       |    18 ||    18
  Dodge: Dodged            |    39 |    45 |   130 ||   214
  Block: Buckler           |    23 |    53 |    60 ||   136

Table legend: (Time is in decaauts)
 A = Elapsed time spent in this place.
 B = Non-inter-level travel time spent in this place.
 C = Inter-level travel time spent in this place.
 D = Time resting spent in this place.
 E = Time spent auto-exploring this place.
 F = Levels seen in this place.
 G = Mean time per level.
                   A        B        C        D        E       F      G
               +--------+--------+--------+--------+--------+-----+--------+
         Total |   7127 |   6946 |    181 |   1219 |   4379 |   8 |  890.9 |
       Dungeon |   7081 |   6900 |    181 |   1219 |   4379 |   7 | 1011.6 |
        Temple |     45 |     45 |      0 |      0 |      0 |   1 |   45.0 |
               +--------+--------+--------+--------+--------+-----+--------+

Top non-repeatable levels by time:
     D:3: 1283 daAuts
     D:6: 1203 daAuts
     D:4: 1199 daAuts
     D:1: 955 daAuts
     D:5: 910 daAuts
     D:2: 828 daAuts
     D:7: 701 daAuts
  Temple: 45 daAuts
